 Dungeon Crawl Stone Soup version 0.22-a0-475-g101988f (webtiles) character file.

56365 DrEnzyme the Nimble (level 14, -11/104 HPs)
             Began as an Octopode Wanderer on June 13, 2018.
             Was an Initiate of Gozag.
             Mangled by an ettin
             ... wielding a +0 dire flail
              (28 damage)
             ... on level 12 of the Dungeon on June 14, 2018.
             The game lasted 02:23:27 (37286 turns).

DrEnzyme the Nimble (Octopode Wanderer)            Turns: 37286, Time: 02:23:28

Health: -11/104    AC:  1    Str: 10    XL:     14   Next: 81%
Magic:  29/31      EV: 23    Int: 15    God:    Gozag
Gold:   921        SH:  0    Dex: 17    Spells: 11/24 levels left

rFire    . . .     SeeInvis +   a - +2 short sword (protect)
rCold    + + .     Gourm    .   (no shield)
rNeg     . . .     Faith    .   (helmet restricted)
rPois    .         Spirit   .   I - amulet of the acrobat
rElec    +         Reflect  .   e - ring of see invisible
rCorr    .         Harm     .   F - ring of magical power
MR       +....                  K - ring "Plog" {rElec rF+ rC+}
Stlth    +++++.....             (no ring)
HPRegen  0.27/turn              n - ring of ice
MPRegen  0.22/turn              (no ring)
                                (no ring)
                                (no ring)

@: gold aura
A: almost no armour, stealthy swim, amphibious, 8 rings, constrict 8, camouflage
1, gelatinous body 1
a: Potion Petition, Call Merchant, Bribe Branch, Renounce Religion


You were on level 12 of the Dungeon.
You worshipped Gozag.
Gozag was pleased with you.
You were not hungry.

You visited 3 branches of the dungeon, and saw 20 of its levels.
You also visited: Labyrinth, Sewer and Ice Cave.

You collected 6809 gold pieces.
You spent 1712 gold pieces at shops.
You paid 4176 gold pieces to Gozag.

Inventory:

Hand Weapons
 a - a +2 short sword of protection (weapon)
 b - a +0 short sword of speed
 r - a +0 battleaxe of freezing
 z - a +3 hand crossbow of flaming
 L - the +9 battleaxe of Welubra {venom, Int+6}
   (You found it in a labyrinth)

   It poisons the flesh of those it strikes.
   It affects your intelligence (+6).
 O - the +2 short sword of Ylatzoy {holy, +Rage}
   (You found it on level 7 of the Dungeon)

   It has been blessed by the Shining One to cause great damage to the undead
   and demons.
   It lets you go berserk.
Missiles
 N - 14 silver javelins (quivered)
Magical Staves
 h - an uncursed staff of conjuration
 y - an uncursed staff of energy
Jewellery
 e - a ring of see invisible (left tentacle)
 n - a ring of ice (on tentacle)
 F - a ring of magical power (right tentacle)
 I - an amulet of the acrobat (around mantle)
 K - the ring "Plog" (on tentacle) {rElec rF+ rC+}
   (You took it off a minotaur in a labyrinth)

   [ring of protection from fire]

   It protects you from fire.
   It protects you from cold.
   It insulates you from electricity.
 P - an uncursed amulet of faith
 U - an uncursed ring of protection from magic
Wands
 g - a wand of flame (67)
 p - a wand of digging (11)
 v - a wand of random effects (112)
 A - a wand of iceblast (6)
 C - a wand of polymorph (11)
 G - a wand of acid (3)
 H - a wand of scattershot (2)
Scrolls
 c - 7 scrolls of teleportation
 f - 19 scrolls of remove curse
 i - 2 scrolls of identify
 q - 2 scrolls of fog
 t - 5 scrolls of magic mapping
 u - 3 scrolls of blinking
 x - 2 scrolls of fear
 E - 3 scrolls of amnesia
 J - a scroll of brand weapon
 Q - a scroll of enchant armour {unknown}
 S - a scroll of summoning
Potions
 j - 2 potions of magic
 k - 3 potions of ambrosia
 l - 6 potions of degeneration
 m - a potion of flight
 o - 2 potions of brilliance
 s - 2 potions of mutation
 w - 3 potions of curing
 B - 3 potions of resistance
 D - 4 potions of lignification
 T - a potion of invisibility
 W - a potion of might
 X - 3 potions of heal wounds
Miscellaneous
 M - a phial of floods
 R - a phantom mirror
 V - a lamp of fire (inert)
Comestibles
 d - 19 rations


   Skills:
 + Level 12.7 Fighting
 - Level 12.0 Short Blades
 - Level 1.0 Throwing
 + Level 13.0 Dodging
 + Level 7.0 Stealth
 + Level 5.7 Spellcasting
 - Level 6.2 Hexes
 + Level 5.5 Poison Magic
 - Level 10.0 Evocations


You had 11 spell levels left.
You knew the following spells:

 Your Spells              Type           Power        Failure   Level  Hunger
a - Confuse               Hex            ###.....     3%          3    ###....
b - Corona                Hex            ###....      1%          1    None
c - Apportation           Tloc           #.....       16%         1    None
d - Poisonous Vapours     Pois/Air       ##....       8%          2    #......
e - Mephitic Cloud        Conj/Pois/Air  #.......     22%         3    ###....
f - Conjure Flame         Conj/Fire      #.......     41%         3    ###....

Your spell library contained the following spells:

 Spells                   Type           Power        Failure   Level  Hunger
 Bolt of Cold             Conj/Ice       #.........   100%        6    #######
 Throw Frost              Conj/Ice       #.....       22%         2    #......
 Freezing Cloud           Conj/Ice/Air   #.........   100%        6    #######
 Ring of Flames           Chrm/Fire      #.........   100%        7    #######
 Summon Small Mammal      Summ           #...         16%         1    None
 Animate Skeleton         Necr           N/A          16%         1    None
 Freeze                   Ice            #...         16%         1    None
 Ozocubu's Refrigeration  Ice            #.........   100%        6    #######
 Summon Ice Beast         Ice/Summ       #.......     83%         4    ####...
 Ozocubu's Armour         Chrm/Ice       #.......     41%         3    ###....
 Tukima's Dance           Hex            ###.....     3%          3    ###....
 Ice Form                 Ice/Tmut       #.......     83%         4    ####...
 Deflect Missiles         Chrm/Air       #.........   100%        6    #######
 Throw Icicle             Conj/Ice       #.......     83%         4    ####...
 Confusing Touch          Hex            ###...       1%          1    None
 Ensorcelled Hibernation  Hex/Ice        ###...       6%          2    #......
 Metabolic Englaciation   Hex/Ice        ###.......   75%         5    ######.
 Silence                  Hex/Air        ##........   75%         5    ######.
 Simulacrum               Ice/Necr       #.........   100%        6    #######
 Conjure Ball Lightning   Conj/Air       #.........   100%        6    #######
 Petrify                  Tmut/Erth      #.......     83%         4    ####...
 Tornado                  Air            #.........   100%        9    #######
 Dazzling Spray           Conj/Hex       ##....       13%         3    ###....
 Summon Lightning Spire   Summ/Air       #.......     83%         4    ####...
 Gell's Gravitas          Tloc           #.........   41%         3    ###....
 Yara's Violent Unravell  Hex/Tmut       ##........   75%         5    ######.


Dungeon Overview and Level Annotations

Branches:
Dungeon (12/15)            Temple (0/1) D:5            Lair (6/6) D:9
 Shoals (0/4) Lair:3       Spider (0/4) Lair:4          Orc (2/2) D:10
    Elf (0/3) Orc:2
  Slime: Lair:5-6

Altars:
Dithmenos
Elyvilon
Fedhas
Gozag
Kikubaaqudgha
Makhleb
Nemelex Xobeh
Okawaru
Ru
Uskayaw
Vehumet
Yredelemnul
Zin
Beogh

Shops:
D:4 *   D:7 (   D:9 %*   Orc:2 ?%*!

Annotations:
D:2 exclusion: sky beast
D:3 exclusion: 2 downstairs
D:4 Sunva's ghost, amateur DrIE
D:5 exclusion: downstairs
D:9 exclusion: downstairs
Lair:1 exclusion: 2 downstairs, Gastronok
Lair:2 exclusion: 3 oklob plants
Lair:4 phirt's ghost, journeyman OpFi
Orc:2 exclusions: door and upstairs


Innate Abilities, Weirdness & Mutations

You cannot wear most types of armour.
You are very stealthy in the water. (Stealth+)
You are amphibious.
You can wear up to eight rings at the same time.
You can use your tentacles to constrict eight enemies at once.
Your skin changes colour to match your surroundings (Stealth+).
Your rubbery body absorbs attacks. (AC +1, EV +1)


Message History

The ettin is severely wounded.
You hit the ettin but do no damage.
The ettin is severely wounded.
The ettin completely misses you. The ettin hits you with a dire flail!!!
You hear an angry buzzing noise.
There is an open door here.
There is an open door here.
Casting: Confuse (safe; 3% risk of failure)
Confirm with . or Enter, or press ? or * to list all spells.
Aiming: Confuse (safe; 3% risk of failure)
Press: ? - help, Shift-Dir - straight line, f - ettin
Aim: an ettin, wielding two dire flails (severely wounded, chance to defeat MR: 35%)
The ettin easily resists.
The ettin completely misses you. The ettin hits you with a dire flail!!
There is an open door here.
You feel much better. The ettin hits you with a dire flail!!!
* * * LOW HITPOINT WARNING * * *
The ettin hits you with a dire flail!!
You die...
Your body crumbles into a pile of gold.

..#### +..'..# ..... .#
####'##..$.... ..... .#
#..#....... ....####.#
#..#...$... .........#
#'##....... ...).....# $
#..#....... .........#
#..#......D
.........########C#.......
................@.........
...........#.#..##........
..........................
##........................
##........................
..........................
.......<.)................
##########################


You could see an ettin.

Vanquished Creatures
  A frost giant (IceCv)
  An orc warlord (Orc:2)
  A minotaur (Lab)
  Snorg (Lair:5)
  Josephine (Orc:1)
  2 hydras (Lair:5)
  An ogre mage (Orc:1)
  10 two-headed ogres
  2 death yaks (IceCv)
  4 orc high priests (Orc:2)
  A death drake (Lair:4)
  An unseen horror (D:7)
  Pikel (D:8)
  5 orc knights (Orc:2)
  5 spiny frogs
  3 orc sorcerers (Orc:2)
  An ugly thing (D:11)
  A manticore (D:12)
  An oklob plant (Orc:1)
  A moth of wrath (Lair:4)
  8 trolls
  A guardian serpent (Lair:4)
  A gargoyle (D:10)
  An ice statue (IceCv)
  4 komodo dragons
  A queen bee (Lair:4)
  4 jumping spiders (Lair:4)
  17 polar bears
  A blink frog (shapeshifter) (D:12)
  A blink frog (Lair:6)
  5 hippogriffs
  3 redbacks (Lair:4)
  A vampire (D:11)
  A spriggan (D:7)
  25 yaks
  A wyvern (D:10)
  A wraith (Orc:1)
  5 hungry ghosts
  2 wargs (Orc:2)
  Menkaure (D:5)
  An acid dragon (D:9)
  Duvessa (D:7)
  9 water moccasins
  7 porcupines
  42 orc warriors
  8 ice beasts
  A black bear (D:8)
  2 phantoms
  5 sky beasts
  16 ogres
  An eye of draining (Lair:4)
  17 wolves (IceCv)
  7 centaurs
  7 crocodiles
  15 bullfrogs
  2 big kobolds
  The ghost of madedhun the Magician, an amateur SpVM (D:3)
  A water moccasin zombie (D:5)
  A gnoll sergeant (D:7)
  6 scorpions
  Dowan (D:7)
  5 killer bees
  8 wights
  A howler monkey (D:6)
  4 crimson imps
  A bullfrog zombie (D:9)
  5 hounds
  A quasit (D:9)
  2 jellies
  2 centaur zombies
  30 orc priests
  Crazy Yiuf (D:7)
  2 bullfrog skeletons
  A gnoll shaman (D:6)
  29 orc wizards
  Ijyb (D:4)
  2 iguanas
  8 worker ants
  A killer bee zombie (D:7)
  A hound skeleton (D:4)
  A worker ant zombie (D:7)
  20 adders
  13 gnolls
  A howler monkey skeleton (D:4)
  6 river rats (Sewer)
  2 shadow imps (D:11)
  An ooze (D:7)
  3 adder zombies
  2 worms
  2 dart slugs (D:2)
  5 leopard geckos
  102 orcs
  13 ball pythons
  8 giant cockroaches
  3 goblins
  9 hobgoblins
  8 jackals
  4 quokkas
  7 bats
  12 frilled lizards
  18 kobolds
  A quokka skeleton (D:4)
  29 rats
  A plant (Lair:2)
655 creatures vanquished.

Vanquished Creatures (collateral kills)
  A rime drake (Orc:1)
  2 wraiths (Orc:1)
  2 yaks (Lair:1)
5 creatures vanquished.

Vanquished Creatures (others)
  A rime drake (Orc:1)
  A spiny frog (Lair:1)
  3 yaks
  A porcupine (Lair:5)
  An orc (Orc:2)
  A bush (Lair:2)
  6 fungi
  7 plants
21 creatures vanquished.

Grand Total: 681 creatures vanquished

Notes
Turn   | Place    | Note
-------+----------+-------------------------------------------
     0 | D:1      | DrEnzyme the Octopode Wanderer began the quest for the Orb.
     0 | D:1      | DrEnzyme set off with: a +2 short sword, a scroll of teleportation, a potion of lignification, a ration
     0 | D:1      | Reached XP level 1. HP: 18/18 MP: 1/1
   341 | D:1      | Reached XP level 2. HP: 24/24 MP: 2/2
   800 | D:2      | Reached XP level 3. HP: 29/29 MP: 3/3
  1119 | D:2      | Reached skill level 2 in Dodging
  1373 | D:2      | Reached XP level 4. HP: 14/35 MP: 4/4
  1485 | D:2      | Noticed a sky beast
  2371 | D:3      | Reached XP level 5. HP: 40/41 MP: 5/5
  2385 | D:3      | Noticed madedhun's ghost (amateur SpVM)
  2617 | D:3      | Killed madedhun's ghost
  2617 | D:3      | Reached skill level 3 in Dodging
  2976 | D:4      | Noticed Ijyb
  2976 | D:4      | Noticed an ogre
  3052 | D:4      | Reached XP level 6. HP: 46/46 MP: 6/6
  3192 | D:4      | Found Gozag's Platinum Reserve.
  3196 | D:4      | Found an opulent altar of Gozag.
  3206 | D:4      | Became a worshipper of Gozag Ym Sagoz the Greedy
  3241 | D:4      | Noticed Sunva's ghost (amateur DrIE)
  4144 | D:5      | Entered Level 5 of the Dungeon
  4174 | D:5      | Found a staircase to the Ecumenical Temple.
  4190 | D:5      | Noticed an ice beast
  4342 | D:5      | Reached skill level 4 in Dodging
  4342 | D:5      | Reached XP level 7. HP: 52/53 MP: 7/7
  4636 | D:5      | Reached skill level 5 in Short Blades
  5045 | D:5      | Found an opulent altar of Gozag.
  5108 | D:5      | Noticed Menkaure
  5241 | D:4      | Reached skill level 5 in Dodging
  5241 | D:4      | Reached XP level 8. HP: 44/60 MP: 8/8
  5442 | D:5      | Killed Menkaure
  6019 | D:6      | Reached skill level 6 in Dodging
  6107 | D:6      | Found a glowing drain.
  6120 | Sewer    | Entered a sewer
  6538 | Sewer    | Reached skill level 1 in Spellcasting
  6538 | Sewer    | Reached XP level 9. HP: 46/66 MP: 8/10
  8023 | D:6      | Found a burning altar of Makhleb.
  8439 | D:4      | Reached skill level 7 in Dodging
  8471 | D:4      | Killed Ijyb
  9648 | D:7      | Found Yjoehe's Antique Weapon Shop.
  9695 | D:7      | Found a runed door.
 10087 | D:7      | Noticed Dowan
 10088 | D:7      | Noticed Duvessa
 10094 | D:7      | Killed Dowan
 10107 | D:7      | Killed Duvessa
 10584 | D:7      | Noticed an unseen horror
 10617 | D:7      | Killed an unseen horror
 10617 | D:7      | Reached skill level 8 in Dodging
 10617 | D:7      | Reached XP level 10. HP: 26/72 MP: 15/17
 11297 | D:8      | Found an ancient bone altar of Kikubaaqudgha.
 11357 | D:8      | Found a sparkling altar of Nemelex Xobeh.
 11358 | D:8      | Found a hide-covered altar of Uskayaw.
 11360 | D:8      | Found a basalt altar of Yredelemnul.
 11400 | D:8      | Found a glowing silver altar of Zin.
 11401 | D:8      | Found a blossoming altar of Fedhas.
 11417 | D:8      | Found a shadowy altar of Dithmenos.
 11527 | D:8      | Found an iron altar of Okawaru.
 11715 | D:8      | Reached skill level 1 in Evocations
 13022 | D:9      | Found a radiant altar of Vehumet.
 13038 | D:9      | Found a sacrificial altar of Ru.
 13063 | D:9      | Found a white marble altar of Elyvilon.
 13230 | D:9      | Found a staircase to the Lair.
 13646 | D:10     | Entered Level 10 of the Dungeon
 13646 | D:10     | Noticed Nergalle
 13741 | D:10     | Noticed a gargoyle
 13749 | D:10     | Noticed a two-headed ogre
 14335 | D:10     | Reached skill level 9 in Dodging
 14694 | D:10     | Reached XP level 11. HP: 67/78 MP: 18/18
 15522 | D:10     | Found a staircase to the Orcish Mines.
 16147 | D:11     | Noticed a two-headed ogre
 16870 | D:11     | Reached skill level 5 in Evocations
 17108 | D:11     | Reached skill level 10 in Short Blades
 17879 | Lair:1   | Entered Level 1 of the Lair of Beasts
 18664 | Lair:1   | Reached skill level 10 in Dodging
 18827 | Lair:1   | Noticed Gastronok
 19046 | Lair:1   | Killed a spiny frog
 19272 | Lair:2   | Found a labyrinth entrance.
 19281 | Lab      | Entered a labyrinth
 19615 | Lab      | Learned a level 3 spell: Confuse
 19634 | Lab      | Noticed a minotaur
 19645 | Lab      | Killed a minotaur
 19645 | Lab      | Reached skill level 10 in Fighting
 19647 | Lab      | Got a steaming platinum ring
 19652 | Lab      | Got a crude battleaxe
 19664 | Lair:2   | Identified the ring "Plog" {rElec rF+ rC+} (You took it off a minotaur in a labyrinth)
 19665 | Lair:2   | Identified the +9 battleaxe of Welubra {venom, Int+6} (You found it in a labyrinth)
 19831 | D:7      | Got a transparent short sword
 19832 | D:7      | Identified the +2 short sword of Ylatzoy {holy, +Rage} (You found it on level 7 of the Dungeon)
 19974 | D:7      | Reached XP level 12. HP: 87/87 MP: 19/19
 20073 | D:7      | Noticed Crazy Yiuf
 20077 | D:7      | Killed Crazy Yiuf
 20135 | D:8      | Noticed Pikel
 20150 | D:8      | Killed Pikel
 20587 | Lair:2   | Noticed a catoblepas
 22161 | Lair:3   | Found a staircase to the Shoals.
 24166 | Lair:4   | Reached skill level 11 in Dodging
 24405 | Lair:4   | Noticed phirt's ghost (journeyman OpFi)
 24761 | Lair:5   | Noticed a seven-headed hydra
 24764 | Lair:5   | Killed a seven-headed hydra
 24798 | Lair:5   | Noticed Snorg
 24810 | Lair:5   | Killed Snorg
 24974 | Lair:4   | Learned a level 1 spell: Corona
 24976 | Lair:4   | Learned a level 1 spell: Apportation
 25074 | Lair:4   | Found a hole to the Spider Nest.
 25262 | Lair:4   | Reached skill level 1 in Hexes
 25550 | Lair:4   | Noticed a catoblepas
 25902 | Lair:5   | Noticed a four-headed hydra
 25908 | Lair:5   | Killed a four-headed hydra
 25908 | Lair:5   | Reached XP level 13. HP: 95/95 MP: 20/20
 26081 | Lair:6   | Entered Level 6 of the Lair of Beasts
 26676 | Orc:1    | Entered Level 1 of the Orcish Mines
 26755 | Orc:1    | Noticed Josephine
 26774 | Orc:1    | Killed Josephine
 26833 | Orc:1    | Found a frozen archway.
 27272 | IceCv    | Entered an ice cave
 29046 | IceCv    | Reached skill level 12 in Dodging
 29677 | IceCv    | Noticed a frost giant
 29778 | IceCv    | Reached skill level 5 in Hexes
 30103 | IceCv    | Reached skill level 10 in Evocations
 30130 | IceCv    | Learned a level 2 spell: Poisonous Vapours
 30134 | IceCv    | Learned a level 3 spell: Mephitic Cloud
 30138 | IceCv    | Learned a level 3 spell: Conjure Flame
 30187 | IceCv    | Killed a frost giant
 30187 | IceCv    | Reached skill level 1 in Poison Magic
 30579 | Orc:1    | Reached XP level 14. HP: 103/103 MP: 16/21
 30834 | Orc:2    | Entered Level 2 of the Orcish Mines
 31184 | Orc:1    | Found Gitooce's Armour Emporium.
 31519 | Orc:2    | Found Ogeikhlu's Magic Scroll Emporium.
 31537 | Orc:2    | Bought a scroll of blinking for 97 gold pieces
 31537 | Orc:2    | Bought a scroll of identify for 26 gold pieces
 32472 | Orc:2    | Found a staircase to the Elven Halls.
 32689 | Orc:2    | Found a roughly hewn altar of Beogh.
 32736 | Orc:2    | Reached skill level 5 in Stealth
 32991 | Orc:2    | Found Xarahet's Food Shoppe.
 33044 | Orc:2    | Bought a ration for 65 gold pieces
 33044 | Orc:2    | Bought a ration for 65 gold pieces
 33044 | Orc:2    | Bought a ration for 65 gold pieces
 33044 | Orc:2    | Bought a ration for 65 gold pieces
 33044 | Orc:2    | Bought a ration for 65 gold pieces
 33044 | Orc:2    | Bought a ration for 65 gold pieces
 33044 | Orc:2    | Bought a ration for 65 gold pieces
 33044 | Orc:2    | Bought a ration for 65 gold pieces
 33044 | Orc:2    | Bought a ration for 65 gold pieces
 33044 | Orc:2    | Bought a ration for 65 gold pieces
 33624 | Orc:2    | Noticed an orc warlord
 33647 | Orc:2    | Reached skill level 5 in Spellcasting
 33805 | Orc:2    | Killed an orc warlord
 34277 | Orc:2    | Found Pyur's Distillery.
 35134 | Orc:2    | Found a roughly hewn altar of Beogh.
 35178 | Orc:2    | Bought a potion of mutation for 96 gold pieces
 35178 | Orc:2    | Bought a potion of resistance for 120 gold pieces
 35178 | Orc:2    | Bought a potion of invisibility for 96 gold pieces
 35178 | Orc:2    | Bought a potion of might for 48 gold pieces
 35178 | Orc:2    | Bought a potion of heal wounds for 60 gold pieces
 35178 | Orc:2    | Bought a potion of heal wounds for 60 gold pieces
 35197 | Orc:2    | Found Reqyuq's General Store.
 35489 | Orc:2    | Bought a ration for 85 gold pieces
 35489 | Orc:2    | Bought a ration for 85 gold pieces
 35489 | Orc:2    | Bought a potion of heal wounds for 85 gold pieces
 35489 | Orc:2    | Bought a potion of heal wounds for 85 gold pieces
 35489 | Orc:2    | Bought a scroll of identify for 34 gold pieces
 35489 | Orc:2    | Bought a ration for 85 gold pieces
 35606 | Orc:2    | Reached skill level 5 in Poison Magic
 37264 | D:12     | Found a runed door.
 37267 | D:12     | Reached skill level 13 in Dodging
 37286 | D:12     | Mangled by an ettin

Vault maps used:
D:1:      dpeg_arrival_tiny_j
D:2:      minmay_door_path, kennysheep_generic_room_16
D:3:      first_ration
D:4:      nicolae_gozag_zags_fifth_avenue, grunt_decor_arrowhead,
          minmay_misc_feat_chi, uniq_ijyb
D:5:      minmay_temple_entry_enclosed_plants, basic_altar,
          kennysheep_cluttered_room, uniq_menkaure
D:6:      kennysheep_mini_moat, portal_sewer_entry_d
D:7:      minmay_the_grid_octo_tiled_squarecenter, serial_shops, shop,
          the_bakery, uniq_crazy_yiuf_cottage, uniq_duvessa
D:8:      kiku_gazebo_garden_becter, kennysheep_little_box,
          lemuel_crystal_altar, grunt_temple_overflow_open, serial_glass,
          glass_columns_a, glass_columns_b, st_stairs_11, uniq_pikel
D:9:      lemuel_doored_altar, fiery_altar_vehumet, erik_lair_dragon,
          nicolae_ru_path_of_blood
D:10:     david_orc_4, uniq_nergalle
D:11:     statue_in_the_mist_lemuel
D:12:     minivault_13
Lair:1:   guppyfry_lair_drakes, serial_bayou_shore_b, lemuel_fruit_fields,
          uniq_gastronok
Lair:2:   dpeg_oklob_gauntlet, serial_forest, infiniplex_forest_corner_2,
          infiniplex_forest_zigzag_1, infiniplex_forest_clump_medium,
          infiniplex_forest_clump_small, infiniplex_forest_diagonal,
          infiniplex_forest_clump_cross, infiniplex_forest_end_3,
          infiniplex_forest_straight_2, infiniplex_forest_pool,
          lab_entry_generic
Lair:3:   minmay_shoals_entry_centaurs, infiniplex_staircase_pool_2
Lair:4:   nicolae_spider_entry_tight_spaces, infiniplex_staircase_pool
Lair:5:   uniq_snorg
Lair:6:   grunt_lair_end_beastmaster, minmay_slime_entry_oklob_open, uniq_rupert
Orc:1:    special_room, portal_ice_cave_rime, serial_shops, shop,
          nicolae_orc_rockfall, mines3_lemuel, uniq_josephine
Orc:2:    pubby_orc_utopia
Lab:      labyrinth_spiral, lab_hedge, nicolae_lab_starburst, lab_fountain
Sewer:    sewer_minmay_w
IceCv:    ice_cave_caverns_01

Skill      XL: |  1  2  3  4  5  6  7  8  9 10 11 12 13 14 |
---------------+-------------------------------------------+-----
Dodging        | 2 3 4 5 6 8 9 10 11 12 13 | 13.0
Short Blades   | 3 4 5 6 8 9 10 11 12 | 12.0
Fighting       | 6 7 8 10 11 12 | 12.7
Spellcasting   | 1 4 5 |  5.7
Evocations     | 3 6 8 10 | 10.0
Hexes          | 1 5 6 |  6.2
Stealth        | 2 7 |  7.0
Poison Magic   | 1 5 |  5.5
Throwing       | |  1.0

Action                   |  1- 3 |  4- 6 |  7- 9 | 10-12 | 13-15 || total
-------------------------+-------+-------+-------+-------+-------++-------
Melee: Short sword       |    76 |   125 |   449 |  1134 |  1200 ||  2984
       Constrict         |    20 |    35 |    91 |   105 |   160 ||   411
       Tentacles         |     8 |    33 |    97 |   265 |   350 ||   753
Throw: Javelin           |       |       |       |     2 |       ||     2
 Cast: Confuse           |       |       |       |     1 |   167 ||   168
       Corona            |       |       |       |       |    27 ||    27
       Conjure Flame     |       |       |       |       |     6 ||     6
       Mephitic Cloud    |       |       |       |       |     2 ||     2
       Poisonous Vapours |       |       |       |       |     1 ||     1
Invok: Call Merchant     |       |       |       |     2 |       ||     2
       Potion Petition   |       |       |       |     3 |     5 ||     8
Evoke: Wand              |       |       |       |    56 |    34 ||    90
       Phial of floods   |       |       |       |     1 |     1 ||     2
       Lamp of fire      |       |       |       |       |     1 ||     1
  Use: Scroll            |     1 |     1 |    12 |    19 |     3 ||    36
       Potion            |     2 |     1 |     4 |    14 |    12 ||    33
 Stab: Sleeping          |    11 |    13 |    14 |    18 |    15 ||    71
       Distracted        |       |       |     1 |     4 |     6 ||    11
       Confused          |       |       |       |       |    69 ||    69
       Invisible         |       |       |       |       |     9 ||     9
  Eat: Chunk             |       |     7 |       |       |       ||     7
       Ration            |       |     1 |     6 |    16 |    15 ||    38
Armor: Skin              |    21 |    42 |    57 |   106 |    76 ||   302
Dodge: Dodged            |    41 |    89 |   306 |   669 |   790 ||  1895

Table legend:
 A = Spawn XP
 B = Non-spawn XP
 C = Spawn XP percentage of total XP
 D = Spawn monster count
 E = Non-spawn monster count
 F = Spawn count percentage of total count
 G = Total turns spent on level
                    A         B        C        D         E        F      G
               +---------+---------+-------+---------+---------+-------+---------
         Total |       0 |   80522 |   0.0 |       0 |     662 |   0.0 | 37286
               +---------+---------+-------+---------+---------+-------+---------
           D:1 |       0 |      33 |   0.0 |       0 |      21 |   0.0 |   959
           D:2 |       0 |     118 |   0.0 |       0 |      30 |   0.0 |  1808
           D:3 |       0 |     141 |   0.0 |       0 |      10 |   0.0 |  1037
           D:4 |       0 |     676 |   0.0 |       0 |      23 |   0.0 |  1740
           D:5 |       0 |     966 |   0.0 |       0 |      23 |   0.0 |  1670
           D:6 |       0 |    1105 |   0.0 |       0 |      28 |   0.0 |  1505
           D:7 |       0 |    2902 |   0.0 |       0 |      42 |   0.0 |  2205
           D:8 |       0 |    1451 |   0.0 |       0 |      19 |   0.0 |  1404
           D:9 |       0 |    1590 |   0.0 |       0 |      27 |   0.0 |  2666
          D:10 |       0 |    2965 |   0.0 |       0 |      50 |   0.0 |  2816
          D:11 |       0 |    4694 |   0.0 |       0 |      32 |   0.0 |  1954
          D:12 |       0 |    1833 |   0.0 |       0 |       4 |   0.0 |    98
        Lair:1 |       0 |    2694 |   0.0 |       0 |      14 |   0.0 |  1783
        Lair:2 |       0 |    2836 |   0.0 |       0 |      14 |   0.0 |  1194
        Lair:3 |       0 |    2143 |   0.0 |       0 |      12 |   0.0 |  1562
        Lair:4 |       0 |    4654 |   0.0 |       0 |      15 |   0.0 |  1978
        Lair:5 |       0 |    3779 |   0.0 |       0 |       8 |   0.0 |   732
        Lair:6 |       0 |     778 |   0.0 |       0 |       3 |   0.0 |    99
         Orc:1 |       0 |    9310 |   0.0 |       0 |      34 |   0.0 |  1183
         Orc:2 |       0 |   20087 |   0.0 |       0 |     146 |   0.0 |  4862
           Lab |       0 |    1964 |   0.0 |       0 |       5 |   0.0 |   382
         Sewer |       0 |     354 |   0.0 |       0 |      48 |   0.0 |   471
         IceCv |       0 |   13449 |   0.0 |       0 |      54 |   0.0 |  3178
               +---------+---------+-------+---------+---------+-------+---------
